 Dungeon Crawl Stone Soup version 0.21.1-1-g345015f (webtiles) character file.

168 inc the Shield-Bearer (level 5, -9/36 HPs)
             Began as an Octopode Fighter on June 11, 2018.
             Mangled by Grinder (11 damage)
             ... while paralysed by Grinder
             ... on level 3 of the Dungeon.
             The game lasted 00:02:44 (1948 turns).

inc the Shield-Bearer (Octopode Fighter)            Turns: 1948, Time: 00:02:44

Health: -9/36      AC:  1    Str: 21    XL:     5   Next: 49%
Magic:  5/5        EV:  2    Int: 11    God:
Gold:   175        SH:  0    Dex: 11    Spells: 4/4 levels left

rFire    . . .     SeeInvis .   a - +0 flail
rCold    . . .     Gourm    .   b - +0 shield
rNeg     . . .     Faith    .   (helmet restricted)
rPois    .         Spirit   .   s - amulet of rage
rElec    .         Reflect  .   h - ring of flight
rCorr    .         Harm     .   (no ring)
MR       .....                  (no ring)
Stlth    ++........             (no ring)
HPRegen  0.12/turn              (no ring)
MPRegen  0.09/turn              (no ring)
                                (no ring)
                                (no ring)

@: paralysed, mighty, berserk cooldown, slowed
A: almost no armour, stealthy swim, amphibious, 8 rings, constrict 8, camouflage
1, gelatinous body 1
a: Evoke Berserk Rage, Evoke Flight


You were on level 3 of the Dungeon.
You were very hungry.

You visited 1 branch of the dungeon, and saw 3 of its levels.

You collected 175 gold pieces.

Inventory:

Hand Weapons
 a - a +0 flail (weapon)
Armour
 b - a +0 shield (worn)
Jewellery
 h - a ring of flight (left tentacle)
 s - an amulet of rage (around mantle)
 t - an uncursed ring of poison resistance {unknown}
Scrolls
 e - 2 scrolls of teleportation {unknown}
 f - 5 scrolls of identify {unknown}
 j - 2 scrolls of remove curse {unknown}
 l - a scroll of magic mapping {unknown}
 m - 3 scrolls of enchant weapon {unknown}
 o - 2 scrolls of immolation {unknown}
Potions
 g - 2 potions of haste {unknown}
 i - a potion of mutation {unknown}
 k - a potion of curing
 n - a potion of heal wounds {unknown}
 p - a potion of brilliance {unknown}
 q - a potion of invisibility {unknown}
 r - 2 potions of flight {unknown}
Comestibles
 d - 6 rations


   Skills:
 - Level 3.0 Fighting
 + Level 4.1 Maces & Flails
 - Level 3.0 Dodging
 + Level 4.7 Shields


You had 4 spell levels left.
You didn't know any spells.

Dungeon Overview and Level Annotations

Branches:
Dungeon (3/15)

Altars:
Hepliaklqana
Nemelex Xobeh
Qazlal
Ru
Wu Jian
Yredelemnul

Annotations:
D:3 Grinder


Innate Abilities, Weirdness & Mutations

You cannot wear most types of armour.
You are very stealthy in the water. (Stealth+)
You are amphibious.
You can wear up to eight rings at the same time.
You can use your tentacles to constrict eight enemies at once.
Your skin changes colour to match your surroundings (Stealth+).
Your rubbery body absorbs attacks. (AC +1, EV +1)


Message History

a quarterstaff; a plate armour; a small copper ring; 6 gold pieces You feel your anger nearly subside.
You are no longer berserk.
You are exhausted.
You feel yourself slow down. Grinder gestures at you.
Pain shoots through your body!
Items here: $ ) = [ a quarterstaff; a plate armour; a small copper ring; 6 gold pieces You feel better.
Grinder hits you.
You writhe in agony.
You feel very mighty all of a sudden. Grinder hits you!
* * * LOW HITPOINT WARNING * * *
You writhe in agony.
* * * LOW HITPOINT WARNING * * *
Grinder gestures at you.
You suddenly lose the ability to move!
Grinder hits you.
* * * LOW HITPOINT WARNING * * *
Grinder hits you!
You die...

#K.# #..#
#..# ##.#
#>#
#########
... (..#
####.###.###
........@5.#
###..#.##)#
#.....#.#
#.....#.#
#.......#.#
#.#.#...#.#
.( #.#...#.#
#. #%....#.#
. # #.###.#


You could see Grinder.

Vanquished Creatures
  An orc wizard (D:3)
  4 gnolls (D:3)
  3 adders (D:3)
  2 oozes
  A worm (D:2)
  A dart slug (D:1)
  4 orcs (D:3)
  3 ball pythons
  6 bats
  5 giant cockroaches
  10 goblins
  4 jackals (D:3)
  A quokka (D:3)
  7 kobolds
  6 rats
58 creatures vanquished.

Notes
Turn   | Place    | Note
-------+----------+-------------------------------------------
     0 | D:1      | inc the Octopode Fighter began the quest for the Orb.
     0 | D:1      | Reached XP level 1. HP: 16/16 MP: 1/1
   107 | D:1      | Reached XP level 2. HP: 19/21 MP: 2/2
   366 | D:1      | Reached XP level 3. HP: 26/26 MP: 3/3
   616 | D:2      | Found a basalt altar of Yredelemnul.
   617 | D:2      | Found a stormy altar of Qazlal.
   617 | D:2      | Found a sacrificial altar of Ru.
   617 | D:2      | Found a hazy altar of Hepliaklqana.
   627 | D:2      | Found an ornate altar of the Wu Jian Council.
   654 | D:2      | Found a sparkling altar of Nemelex Xobeh.
  1018 | D:3      | Reached XP level 4. HP: 11/31 MP: 4/4
  1337 | D:3      | Reached XP level 5. HP: 9/36 MP: 5/5
  1926 | D:3      | Noticed Grinder
  1946 | D:3      | Paralysed by Grinder for 4 turns
  1948 | D:3      | Mangled by Grinder

Skill      XL: |  1  2  3  4  5 |
---------------+----------------+-----
Maces & Flails | 3 4 |  4.1
Shields        | 4 |  4.7
Fighting       | |  3.0
Dodging        | |  3.0

Action                   |  1- 3 |  4- 6 || total
-------------------------+-------+-------++-------
Melee: Flail             |    65 |    41 ||   106
       Constrict         |    21 |     9 ||    30
       Tentacles         |    15 |     4 ||    19
 Abil: Evoke Berserk Rag |       |     2 ||     2
  Use: Potion            |       |     3 ||     3
 Stab: Sleeping          |     5 |       ||     5
  Eat: Chunk             |       |     4 ||     4
Armor: Skin              |     5 |     1 ||     6
Dodge: Dodged            |    25 |    18 ||    43
Block: Shield            |    23 |    33 ||    56
